 Dungeon Crawl Stone Soup version 0.29.0-4-gdea44cf6ec (webtiles) character file.

Game seed: 6041173681341468658

3857 qw the Grappler (level 9, -5/88 HPs)
             Began as a Troll Cinder Acolyte on Sept 2, 2022.
             Was an Elder of Ignis.
             Slain by Menkaure (17 damage)
             ... on level 7 of the Dungeon.
             The game lasted 00:02:32 (4502 turns).

qw the Grappler (Troll Cinder Acolyte)              Turns: 4502, Time: 00:02:33

Health: -5/88      AC: 11    Str: 34    XL:     9   Next: 99%
Magic:  9/9        EV:  9    Int: 10    God:    Ignis [****..]
Gold:   248        SH:  0    Dex:  5    Spells: 10/10 levels left

rFire   + + .      SeeInvis .     - Unarmed
rCold   . . .      Faith    .   (no shield)
rNeg    . . .      Spirit   .   b - +0 robe {rF+}
rPois   .          Reflect  .   (helmet restricted)
rElec   .          Harm     .   (no cloak)
rCorr   .          Rampage  .   (gloves unavailable)
Will    .....                   (boots unavailable)
Stlth   +.........              (no amulet)
HPRegen 1.04/turn               l - +6 ring of strength
MPRegen 0.11/turn               (no ring)

@: about to teleport, fiery-armoured
A: large, unfitting armour, claws 3, regeneration 1, shaggy fur 1, tough skin 1
a: Renounce Religion, Fiery Armour, Foxfire Swarm, Rising Flame


You were on level 7 of the Dungeon.
You worshipped Ignis.
Ignis was greatly pleased with you.
You visited 1 branch of the dungeon, and saw 7 of its levels.

You collected 393 gold pieces.
You spent 145 gold pieces at shops.


Innate Abilities, Weirdness & Mutations

You are too large for most types of armour.
You have claws for hands.
Your natural rate of healing is unusually fast.
You are covered in fur. (AC +1)
You have tough skin. (AC +1)


   Skills:
 - Level 5.3 Fighting
 - Level 1.7 Throwing
 - Level 1.1 Dodging
 + Level 13.1 Unarmed Combat
 - Level 1.0 Spellcasting
 - Level 2.1 Fire Magic


You had 10 spell levels left.
You didn't know any spells.
Your spell library contained the following spells:

 Spells                   Type           Power      Damage    Failure   Level
 Scorch                   Fire           8%         2d5       22%         2

Inventory:

Armour
 b - a +0 robe of fire resistance (worn)
Jewellery
 e - a ring of willpower
 l - a +6 ring of strength (left claw)
Scrolls
 a - 4 scrolls of brand weapon
 h - a scroll of identify
 i - 2 scrolls of teleportation
Potions
 c - 3 potions of might
 d - 7 potions of heal wounds
 k - a potion of resistance

Dungeon Overview and Level Annotations

Branches:
Dungeon (7/15)             Temple (0/1) D:4

Altars:
Cheibriados
Elyvilon
Trog

Shops:
D:1 :   D:4 *

Annotations:
D:5 2 runed translucent doors, qw's ghost, novice TrCA
D:7 Menkaure


Message History

You start resting.
HP restored.
Found a manual of Axes.
Items here: % ))) [[.
i - 3 scrolls of teleportation (gained 1)
Found a war axe.
Enter note: An iguana comes into view.
Found 6 stones.
You scratch the iguana but do no damage.
The iguana closely misses you.
You claw the iguana!
The iguana is severely wounded.
The iguana closely misses you.
You claw the iguana!
You kill the iguana!
You see here an iguana corpse.
d - 7 potions of heal wounds (gained 1) Menkaure and a phantom come into view.
Found a book of Displacement.
Found a stone staircase leading up.
Menkaure shouts!
Menkaure calls on the powers of darkness!
Your body is wracked with pain!
Enter note:
Found a glowing demon blade.
Menkaure casts a spell.
Menkaure seems to speed up.
Menkaure says, "Why can't you leave me to my rest?"
Menkaure calls on the powers of darkness!
Your body is wracked with pain!
4501 ||| INVOKING Fiery Armour.
A protective cloak of flame settles atop you.
Menkaure hits you!
Menkaure is burned terribly!
Menkaure is burned by your cloak of flames.
Menkaure is lightly damaged.
4502 ||| READING 3 scrolls of teleportation.
As you read the scroll of teleportation, it crumbles to dust.
You feel strangely unstable. Menkaure hits you!
You die...

## ##.. .#.# ... ##
#####.. ### ...
....... ..# W.
.)....M##.##.#
......:@...W.#
.....#.##.#### ...
#.##.## # #
#.#..(###### #
#.#........# #
##########
#.#......#.### #
#........#
#.####........ #
#.######.###.#
#...#.### # #.#
###...##.#####%##.#


You could see a phantom and Menkaure (fast).

Vanquished Creatures
  A two-headed ogre (D:6)
  Pikel (D:5)
  A troll (D:7)
  Grinder (D:6)
  A slime creature (D:7)
  Sigmund (D:3)
  Eustachio (D:5)
  An orc warrior (D:7)
  A black bear (D:5)
  2 ice beasts
  2 ogres
  2 centaurs
  A lemure (D:5)
  Blork the orc (D:5)
  5 scorpions
  3 necrophages
  A wight (D:7)
  2 hounds
  A jelly (D:6)
  2 orc priests
  6 iguanas
  3 orc wizards
  8 gnolls
  7 adders
  2 white imps
  An ufetubus (D:5)
  A worm (D:3)
  2 dart slugs
  14 orcs
  6 ball pythons
  4 endoplasms
  3 giant cockroaches
  3 goblins
  2 hobgoblins
  5 jackals (D:5)
  4 quokkas
  4 bats
  3 frilled lizards
  9 kobolds
  5 rats
123 creatures vanquished.

Notes
Turn   | Place    | Note
-------+----------+-------------------------------------------
     0 | D:1      | qw the Troll Cinder Acolyte began the quest for the Orb.
     0 | D:1      | Reached XP level 1. HP: 22/22 MP: 1/1
     0 | D:1      | 0 ||| qw: Version: 0.1-a-97-g2dd2ca4
     0 | D:1      | 0 ||| qw: Game counter: 4940
     0 | D:1      | 0 ||| qw: Always use a shield: true
     0 | D:1      | 0 ||| qw: God list: Okawaru
     0 | D:1      | 0 ||| qw: Allow faded altars: false
     0 | D:1      | 0 ||| qw: Do Orc after D:15 true
     0 | D:1      | 0 ||| qw: Do second Lair branch before Depths: true
     0 | D:1      | 0 ||| qw: Lair rune preference: random
     0 | D:1      | 0 ||| qw: Plans: Normal
     0 | D:1      | 0 ||| PLANNING D:1-11
   113 | D:1      | Found Qiabluqe's Book Emporium.
   162 | D:1      | Reached XP level 2. HP: 29/29 MP: 2/2
   211 | D:1      | Reached skill level 4 in Unarmed Combat
   594 | D:1      | Reached XP level 3. HP: 36/36 MP: 3/3
   673 | D:1      | 673 ||| READING scroll labelled EBUDIS DIDE.
   674 | D:1      | 674 ||| DRINKING 2 murky grey potions.
  1245 | D:2      | 1245 ||| DROPPING ring of magical power.
  1246 | D:2      | 1246 ||| DRINKING 2 glowing red potions.
  1381 | D:3      | Noticed a necrophage
  1387 | D:3      | Killed a necrophage
  1388 | D:3      | Reached skill level 5 in Unarmed Combat
  1388 | D:3      | Reached XP level 4. HP: 44/44 MP: 4/4
  1460 | D:3      | Found a faded altar of an unknown god.
  1502 | D:3      | Reached XP level 5. HP: 28/50 MP: 5/5
  1525 | D:3      | Noticed Sigmund
  1526 | D:3      | 1526 ||| DRINKING potion of curing.
  1526 | D:3      | 1526 ||| (to cure confusion)
  1527 | D:3      | 1527 ||| Stepping ~*~*~tactically~*~*~ (hiding).
  1528 | D:3      | 1528 ||| Stepping ~*~*~tactically~*~*~ (hiding).
  1529 | D:3      | 1529 ||| Stepping ~*~*~tactically~*~*~ (hiding).
  1535 | D:3      | Killed Sigmund
  1536 | D:3      | Reached skill level 6 in Unarmed Combat
  1536 | D:3      | Reached XP level 6. HP: 27/59 MP: 6/6
  1542 | D:3      | HP: 14/59 [poisoned by Sigmund]
  1953 | D:3      | Reached skill level 7 in Unarmed Combat
  1962 | D:3      | 1962 ||| FLEEEEING.
  1963 | D:3      | 1963 ||| FLEEEEING.
  1965 | D:3      | 1965 ||| FLEEEEING.
  1966 | D:3      | 1966 ||| FLEEEEING.
  1967 | D:3      | 1967 ||| FLEEEEING.
  1968 | D:3      | 1968 ||| FLEEEEING.
  1974 | D:3      | 1974 ||| Stepping ~*~*~tactically~*~*~ (outnumbered).
  1975 | D:3      | 1975 ||| INVOKING Fiery Armour.
  1976 | D:3      | 1976 ||| Stepping ~*~*~tactically~*~*~ (outnumbered).
  1994 | D:3      | 1994 ||| FLEEEEING.
  1995 | D:3      | 1995 ||| FLEEEEING.
  1996 | D:3      | 1996 ||| FLEEEEING.
  1997 | D:3      | 1997 ||| FLEEEEING.
  1998 | D:3      | 1998 ||| FLEEEEING.
  1999 | D:3      | 1999 ||| FLEEEEING.
  2000 | D:3      | 2000 ||| FLEEEEING.
  2001 | D:3      | 2001 ||| FLEEEEING.
  2002 | D:3      | 2002 ||| FLEEEEING.
  2003 | D:3      | 2003 ||| FLEEEEING.
  2004 | D:3      | 2004 ||| FLEEEEING.
  2005 | D:3      | 2005 ||| FLEEEEING.
  2006 | D:3      | 2006 ||| FLEEEEING.
  2007 | D:3      | 2007 ||| FLEEEEING.
  2039 | D:3      | 2039 ||| Stepping ~*~*~tactically~*~*~ (stealth).
  2041 | D:3      | 2041 ||| Stepping ~*~*~tactically~*~*~ (hiding).
  2154 | D:3      | Found a snail-covered altar of Cheibriados.
  2191 | D:3      | 2191 ||| UPGRADING to +0 robe of fire resistance.
  2201 | D:3      | 2201 ||| DROPPING +0 robe.
  2202 | D:3      | 2202 ||| READING scroll labelled VELYNN ESSAZ.
  2203 | D:3      | 2203 ||| READING scroll labelled ASABYJEETSU.
  2231 | D:3      | 2231 ||| DRINKING 4 silvery potions.
  2268 | D:4      | 2268 ||| STAIRDANCE
  2283 | D:4      | 2283 ||| STAIRDANCE
  2297 | D:4      | Found Wuod Hif's General Store.
  2304 | D:4      | 2304 ||| BUYING scroll of brand weapon (95 gold).
  2304 | D:4      | Bought a scroll of brand weapon for 95 gold pieces
  2304 | D:4      | 2304 ||| BUYING scroll of identify (20 gold).
  2304 | D:4      | Bought a scroll of identify for 20 gold pieces
  2304 | D:4      | 2304 ||| BUYING scroll of teleportation (30 gold).
  2304 | D:4      | Bought a scroll of teleportation for 30 gold pieces
  2317 | D:4      | 2317 ||| Stepping ~*~*~tactically~*~*~ (stealth).
  2338 | D:4      | Reached skill level 8 in Unarmed Combat
  2500 | D:4      | Reached XP level 7. HP: 66/66 MP: 7/7
  2503 | D:4      | Found a bloodstained altar of Trog.
  2699 | D:4      | Found a white marble altar of Elyvilon.
  2818 | D:4      | Reached skill level 3 in Fighting
  2820 | D:4      | Found a staircase to the Ecumenical Temple.
  2873 | D:4      | 2873 ||| UPGRADING to +6 ring of strength.
  2874 | D:4      | 2874 ||| DROPPING ring of flight.
  2875 | D:4      | 2875 ||| READING scroll labelled MEAMEFATWE.
  2876 | D:4      | 2876 ||| READING scroll labelled KEXISCH EMIROL.
  2877 | D:4      | 2877 ||| DRINKING 2 lumpy black potions.
  2895 | D:5      | Entered Level 5 of the Dungeon
  2951 | D:5      | Noticed Pikel
  2952 | D:5      | 2952 ||| INVOKING Fiery Armour.
  2963 | D:5      | Killed Pikel
  2964 | D:5      | Reached skill level 9 in Unarmed Combat
  2964 | D:5      | Reached XP level 8. HP: 70/75 MP: 8/8
  2980 | D:5      | Found a runed translucent door.
  2996 | D:5      | Reached skill level 1 in Throwing
  3121 | D:5      | Reached skill level 1 in Dodging
  3136 | D:5      | Reached skill level 10 in Unarmed Combat
  3150 | D:5      | 3150 ||| Stepping ~*~*~tactically~*~*~ (stealth).
  3151 | D:5      | 3151 ||| Stepping ~*~*~tactically~*~*~ (stealth).
  3160 | D:5      | 3160 ||| Stepping ~*~*~tactically~*~*~ (stealth).
  3182 | D:5      | Noticed Eustachio
  3189 | D:5      | 3189 ||| INVOKING Fiery Armour.
  3204 | D:5      | Killed Eustachio
  3213 | D:5      | 3213 ||| Stepping ~*~*~tactically~*~*~ (stealth).
  3454 | D:5      | Noticed Blork the orc
  3456 | D:5      | 3456 ||| FLEEEEING.
  3457 | D:5      | 3457 ||| FLEEEEING.
  3458 | D:5      | 3458 ||| FLEEEEING.
  3459 | D:5      | 3459 ||| FLEEEEING.
  3466 | D:5      | Killed Blork the orc
  3539 | D:5      | Found a runed translucent door.
  3541 | D:5      | Noticed qw's ghost (novice TrCA)
  3663 | D:5      | 3663 ||| DRINKING 2 amethyst potions.
  3664 | D:5      | 3664 ||| DROPPING potion of attraction.
  3701 | D:6      | 3701 ||| Stepping ~*~*~tactically~*~*~ (hiding).
  3702 | D:6      | 3702 ||| FLEEEEING.
  3703 | D:6      | 3703 ||| Stepping ~*~*~tactically~*~*~ (hiding).
  3714 | D:6      | 3714 ||| DRINKING potion of curing.
  3714 | D:6      | 3714 ||| (to cure confusion)
  3729 | D:6      | Reached XP level 9. HP: 62/85 MP: 9/9
  3775 | D:6      | 3775 ||| Stepping ~*~*~tactically~*~*~ (hiding).
  3776 | D:6      | 3776 ||| Stepping ~*~*~tactically~*~*~ (hiding).
  3777 | D:6      | 3777 ||| Stepping ~*~*~tactically~*~*~ (hiding).
  3779 | D:6      | 3779 ||| Stepping ~*~*~tactically~*~*~ (hiding).
  3803 | D:6      | 3803 ||| Stepping ~*~*~tactically~*~*~ (hiding).
  3807 | D:6      | Reached skill level 11 in Unarmed Combat
  3854 | D:6      | 3854 ||| Stepping ~*~*~tactically~*~*~ (stealth).
  3888 | D:6      | 3888 ||| Stepping ~*~*~tactically~*~*~ (hiding).
  3890 | D:6      | 3890 ||| Stepping ~*~*~tactically~*~*~ (hiding).
  3892 | D:6      | Noticed Grinder
  3901 | D:6      | Killed Grinder
  3980 | D:6      | Noticed a two-headed ogre
  3989 | D:6      | Killed a two-headed ogre
  3990 | D:6      | Reached skill level 12 in Unarmed Combat
  4240 | D:6      | 4240 ||| DRINKING 2 fuming amethyst potions.
  4241 | D:6      | 4241 ||| DROPPING potion of flight.
  4401 | D:7      | 4401 ||| Stepping ~*~*~tactically~*~*~ (hiding).
  4405 | D:7      | Noticed a troll
  4413 | D:7      | Killed a troll
  4420 | D:7      | Reached skill level 13 in Unarmed Combat
  4498 | D:7      | Noticed Menkaure
  4501 | D:7      | 4501 ||| INVOKING Fiery Armour.
  4501 | D:7      | HP: 11/88 [Menkaure (15)]
  4502 | D:7      | 4502 ||| READING 3 scrolls of teleportation.
  4502 | D:7      | Slain by Menkaure

Levels and vault maps discovered:
D:1:      saegor_arrival_fortress, layout_basic, serial_shops, shop
D:2:      layout_basic, minmay_pentomino_q2
D:3:      layout_basic, mainiacjoe_overflow_paths,
          ebering_ecumenical_altar_petrified, uniq_sigmund
D:4:      wander_river, layout_basic, nicolae_elyvilon_temple_path,
          trog_three_pillars_becter, serial_shops,
          nicolae_shop_temple_entry_statues_fountains
D:5:      layout_rooms, ebering_ghost_sewer_f, uniq_eustachio, uniq_pikel,
          uniq_blork_the_orc
D:6:      layout_cave_pools, kennysheep_generic_room_9, uniq_grinder
D:7:      layout_loops_ring, minmay_manual_moon, uniq_menkaure

Skill      XL: |  1  2  3  4  5  6  7  8  9 |
---------------+----------------------------+-----
Unarmed Combat | 4 5 6 8 9 10 13 | 13.1
Fighting       | 3 4 5 |  5.3
Throwing       | 1 |  1.7
Dodging        | 1 |  1.1
Spellcasting   | |  1.0
Fire Magic     | |  2.1

Action                   |  1- 3 |  4- 6 |  7- 9 || total
-------------------------+-------+-------+-------++-------
Melee: Unarmed           |   100 |    66 |   148 ||   314
       Punch             |     3 |     3 |     8 ||    14
Throw: Boomerang         |     3 |    22 |    43 ||    68
Invok: Fiery Armour      |       |     1 |     3 ||     4
  Use: Potion            |     2 |     2 |     4 ||     8
       Scroll            |     1 |     2 |     3 ||     6
Armor: Robe              |    22 |    15 |    49 ||    86
Dodge: Dodged            |    39 |    24 |    47 ||   110

Table legend:
 A = Non-vault XP
 B = Vault XP
 C = Vault XP percentage of total XP
 D = Non-vault monster count
 E = Vault monster count
 F = Vault count percentage of total count
                 A         B        C        D         E       F
            +---------+---------+-------+---------+---------+-------
      Total |    2950 |    2561 |  46.5 |     107 |      15 |  12.3
            +---------+---------+-------+---------+---------+-------
        D:1 |      41 |       0 |   0.0 |      17 |       0 |   0.0
        D:2 |      28 |       4 |  12.5 |      18 |       2 |  10.0
        D:3 |     284 |     223 |  44.0 |      24 |       1 |   4.0
        D:4 |     281 |       0 |   0.0 |       9 |       0 |   0.0
        D:5 |     861 |     957 |  52.6 |      23 |       3 |  11.5
        D:6 |    1419 |     465 |  24.7 |      15 |       3 |  16.7
        D:7 |      36 |     912 |  96.2 |       1 |       6 |  85.7
            +---------+---------+-------+---------+---------+-------
